 Dungeon Crawl Stone Soup version 0.31-a0-202-g547052bce9 (webtiles) character file.

Game seed: 7237266546978096365

18 qw the Shooter (level 2, 0/16 HPs)
             Began as a Deep Elf Hunter on June 26, 2023.
             Succumbed to their own poison gas
             ... on level 1 of the Dungeon.
             The game lasted 00:00:11 (645 turns).

qw the Shooter (Deep Elf Hunter)                     Turns: 645, Time: 00:00:12

Health: 0/16       AC:  3    Str:  8    XL:     2   Next: 51%
Magic:  4/4        EV: 12    Int: 13    God:
Gold:   37         SH:  0    Dex: 18    Spells: 1/1 levels left

rFire   . . .        Y - +0 shortbow
rCold   . . .        (shield currently unavailable)
rNeg    . . .        c - +0 leather armour
rPois   .            (no helmet)
rElec   .            (no cloak)
rCorr   .            (no gloves)
SInv    .            (no boots)
Will    .....        (no amulet)
Stlth   ++           (no ring)
HPRegen 0.22/turn    (no ring)
MPRegen 0.09/turn

%: no passive effects
@: lethally poisoned (0 -> -1)
A: no striking features
a: no special abilities


You were on level 1 of the Dungeon.
You visited 1 branch of the dungeon, and saw 1 of its levels.

You collected 37 gold pieces.


   Skills:
 - Level 1.5 Fighting
 + Level 6.3 Ranged Weapons
 - Level 2.4 Dodging
 - Level 1.2 Stealth


You had one spell level left.
You didn't know any spells.
Your spell library was empty.

Inventory:

Hand Weapons
 Y - a +0 shortbow (weapon)
Armour
 c - a +0 leather armour (worn)
Scrolls
 a - a scroll of teleportation
Potions
 f - a potion of attraction {unknown}

Dungeon Overview and Level Annotations

Branches:
Dungeon (1/15)

Altars:

Shops:
D:1 (*[*


Message History

637 ||| READING scroll labelled UPTODI VALISK.
The air fills with toxic fumes!
As you read the scroll labelled UPTODI VALISK, it crumbles to dust.
It was a scroll of poison.
Done exploring.
638 ||| DROPPING scroll of butterflies.
You drop a scroll of butterflies.
Done exploring.
(D) Dungeon
Where to? (* - list waypoints, ? - help)
What level of the Dungeon? (default 1, ? - help) Sorry, I don't know how to get there.
Enter note:
Enter note:
Enter note:
Enter note:
Enter note:
Enter note:
Enter note:
Enter note:
Enter note:
Enter note:
Enter note:
Enter note: Really walk into that cloud of poison gas?
You are engulfed in poison gas.
You are poisoned.
You feel very sick.
There is an open door here.
640 ||| Stepping ~*~*~tactically~*~*~ (cloud).
You feel sick.
You see here a scroll of butterflies.
There is a lethal amount of poison in your body!
You feel sick.
There is a lethal amount of poison in your body!
You feel sick.
There is a lethal amount of poison in your body!
You feel sick.
There is a lethal amount of poison in your body!
You feel sick.
There is a lethal amount of poison in your body!
You die...

#####....%.#.....#######.######.#
## #:.....#..¤¤00.....#........#
.# #......#...¤¤#.....##########
.############..¤¤#.....#.........
.'.# #..0¤#.....#.########
.#.#### ########¤#.....#.# #
.#....###......#0#.....#.# #
.####..........#0#.....#.# #
.#######.¤¤¤0¤¤0@0¤¤¤¤0#.# #
.'.......¤¤¤¤¤¤0¤0¤¤0¤0¤.# #
.#########0¤¤0¤0¤¤¤00¤0### # .#
#¤¤¤¤0¤¤¤¤¤¤0¤# ########
.#########0¤####+##00¤¤# #.......
#........¤¤....#+##00¤0# #.######
#........0.#.##....#######.#
#..........#.##.........##.#
#....>.....#..#.........##.#


There were no monsters in sight!

Vanquished Creatures
  A bat (D:1)
  3 endoplasms (D:1)
  2 giant cockroaches (D:1)
  3 hobgoblins (D:1)
  3 quokkas (D:1)
  A ball python (D:1)
  A frilled lizard (D:1)
  A kobold (D:1)
15 creatures vanquished.

Notes
Turn   | Place    | Note
-------+----------+-------------------------------------------
     0 | D:1      | qw the Deep Elf Hunter began the quest for the Orb.
     0 | D:1      | Reached XP level 1. HP: 12/12 MP: 3/3
     0 | D:1      | 0 ||| qw: Version: 0.3-a-22-g0ed2b0b
     0 | D:1      | 0 ||| qw: Game counter: 6105
     0 | D:1      | 0 ||| qw: Melee chars always use a shield: true
     0 | D:1      | 0 ||| qw: God list: Okawaru
     0 | D:1      | 0 ||| qw: Allow faded altars: false
     0 | D:1      | 0 ||| qw: Do Orc after clearing Dungeon:15 true
     0 | D:1      | 0 ||| qw: Do second Lair branch before Depths: true
     0 | D:1      | 0 ||| qw: Lair rune preference: random
     0 | D:1      | 0 ||| qw: Goals: Normal
     0 | D:1      | 0 ||| PLANNING D:1-11
    68 | D:1      | Found Dyengih's General Store.
    74 | D:1      | 74 ||| SHOPLISTING 2 potions of enlightenment (110 gold,
                  | have 2).
    74 | D:1      | 74 ||| SHOPLISTING scroll of enchant weapon (82 gold, have
                  | 2).
   173 | D:1      | Found Qifol's Antique Armour Boutique.
   182 | D:1      | 182 ||| SHOPLISTING glowing leather armour (115 gold, have
                  | 26).
   182 | D:1      | 182 ||| SHOPLISTING pair of boots (103 gold, have 26).
   182 | D:1      | 182 ||| SHOPLISTING ring mail (92 gold, have 26).
   182 | D:1      | 182 ||| SHOPLISTING scale mail (92 gold, have 26).
   225 | D:1      | Reached skill level 6 in Ranged Weapons
   225 | D:1      | Reached XP level 2. HP: 16/16 MP: 4/4
   274 | D:1      | Found Kipaplim's General Store.
   288 | D:1      | 288 ||| SHOPLISTING potion of enlightenment (55 gold, have
                  | 37).
   288 | D:1      | 288 ||| SHOPLISTING ring of willpower (275 gold, have 37).
   288 | D:1      | 288 ||| SHOPLISTING scroll of enchant weapon (82 gold, have
                  | 37).
   302 | D:1      | Found Yhob's Weapon Shop.
   314 | D:1      | 314 ||| SHOPLISTING +7 shortbow of Wounding {freeze, rElec
                  | Str-3 Int+9 Dex-4} (761 gold, have 37).
   631 | D:1      | 631 ||| READING 2 scrolls labelled BACSIU WOKO.
   636 | D:1      | 636 ||| READING scroll labelled QOKKIG ATA.
   637 | D:1      | 637 ||| READING scroll labelled UPTODI VALISK.
   638 | D:1      | 638 ||| DROPPING scroll of butterflies.
   640 | D:1      | 640 ||| Stepping ~*~*~tactically~*~*~ (cloud).
   641 | D:1      | HP: 3/16 [poisoned by you (poison gas)]
   644 | D:1      | HP: 1/16 [poisoned by you (poison gas)]
   645 | D:1      | Succumbed to their own poison gas

Levels and vault maps discovered:
D:1:      dpeg_arrival_another_circle, layout_basic, serial_shops, shop, shop,
          shop, shop, chequers_jeans

Skill      XL: |  1 |
---------------+----+-----
Ranged Weapons | 6 |  6.3
Fighting       | |  1.5
Dodging        | |  2.4
Stealth        | |  1.2

Action                     || total
---------------------------++-------
   Fire: Shortbow          ||    36
    Use: Scroll            ||     3
 Armour: Leather armour    ||     2
  Dodge: Dodged            ||     2

Table legend:
 A = Non-vault XP
 B = Vault XP
 C = Vault XP percentage of total XP
 D = Non-vault monster count
 E = Vault monster count
 F = Vault count percentage of total count
                 A         B        C        D         E       F
            +---------+---------+-------+---------+---------+-------
      Total |      27 |       0 |   0.0 |      15 |       0 |   0.0
            +---------+---------+-------+---------+---------+-------
        D:1 |      27 |       0 |   0.0 |      15 |       0 |   0.0
            +---------+---------+-------+---------+---------+-------
